 Dungeon Crawl Stone Soup version 0.27-a0-1137-g3ef0f4ec91 (webtiles) character file.

Game seed: 1364684901504080973

28 Zeld the Firebug (level 3, -1/22 HPs)
             Began as an Octopode Fire Elementalist on May 6, 2021.
             Slain by a hound (5 damage)
             ... on level 3 of the Dungeon.
             The game lasted 00:02:56 (1486 turns).

Zeld the Firebug (Octopode Fire Elementalist)       Turns: 1486, Time: 00:02:56

Health: -1/22      AC:  1    Str:  7    XL:     3   Next: 14%
Magic:  1/6        EV: 13    Int: 24    God:
Gold:   85         SH:  0    Dex: 12    Spells: 5/6 levels left

rFire    . . .     SeeInvis .   (no weapon)
rCold    . . .     Faith    .   (no shield)
rNeg     . . .     Spirit   .   (helmet restricted)
rPois    .         Reflect  .   (no amulet)
rElec    .         Harm     .   g - +6 ring of intelligence
rCorr    .         Rampage  .   (no ring)
Will     .....                  (no ring)
Stlth    +++.......             (no ring)
HPRegen  0.07/turn              (no ring)
MPRegen  0.10/turn              (no ring)
                                (no ring)
                                (no ring)

@: lethally poisoned (-1 -> -3)
A: almost no armour, amphibious, 8 rings, camouflage 1, gelatinous body 1,
(nimble swimmer 1), tentacles
a: no special abilities


You were on level 3 of the Dungeon.
You visited 1 branch of the dungeon, and saw 3 of its levels.

You collected 85 gold pieces.

Inventory:

Jewellery
 g - a +6 ring of intelligence (left tentacle)
Scrolls
 a - 2 scrolls of teleportation {unknown}
 b - a scroll of immolation {unknown}
 f - a scroll of fog {unknown}
 i - a scroll of fear {unknown}
Potions
 c - 2 potions of degeneration {unknown}
 d - 2 potions of magic {unknown}
 e - a potion of heal wounds {unknown}
 h - 2 potions of curing {unknown}


   Skills:
 + Level 0.9 Fighting
 + Level 2.2 Dodging
 - Level 2.6 Stealth
 + Level 2.2 Spellcasting
 + Level 1.5 Conjurations
 * Level 3.4 Fire Magic


You had 5 spell levels left.
You knew the following spells:

 Your Spells              Type           Power      Damage    Failure   Level
a - Foxfire               Conj/Fire      56%        2x1d6     4%          1

Your spell library contained the following spells:

 Spells                   Type           Power      Damage    Failure   Level
 Magic Dart               Conj           36%        1d4       6%          1
 Conjure Flame            Conj/Fire      14%        6-21      13%         3
 Inner Flame              Hex/Fire       10%        N/A       17%         3
 Blink                    Tloc           N/A        N/A       19%         2
 Call Imp                 Summ           2%         N/A       19%         2
 Slow                     Hex            2%         N/A       19%         2
 Mephitic Cloud           Conj/Pois/Air  5%         N/A       28%         3
 Sticky Flame             Conj/Fire      14%        2d4       38%         4
 Fireball                 Conj/Fire      7%         3d5       75%         5


Dungeon Overview and Level Annotations

Branches:
Dungeon (3/15)

Altars:


Innate Abilities, Weirdness & Mutations

You cannot wear most types of armour.
You are amphibious.
You can wear up to eight rings at the same time.
Your skin changes colour to match your surroundings (Stealth+).
Your rubbery body absorbs attacks. (AC +1, EV +1)
((You are camouflaged near water. (Stealth+)))
You have tentacles for arms and can constrict up to eight enemies at once.


Message History

The adder poisons you!
You tentacle-slap the adder but do no damage.
Your grab misses the adder.
The adder is severely wounded.
You feel sick.
The foxfire hits the adder.
The adder is almost dead.
The adder barely misses you.
Your foxfire dissipates!
A hound comes into view.
You feel sick.
The hound barks!
The adder closely misses you.
Found a stone staircase leading up.
Casting: Foxfire (safe; 4% risk of failure)
Confirm with . or Enter, or press ? or * to list all spells.
You conjure some foxfire!
You feel sick.
A ball python comes into view.
The adder bites you.
You are lethally poisoned!
The adder poisons you!
Your foxfire dissipates!
You feel sick.
The foxfire hits the adder.
You kill the adder!
You have reached level 3!
Your experience leads to an increase in your attributes!
Your base attributes are Str 7, Int 17, Dex 12.
Increase (S)trength, (I)ntelligence, or (D)exterity?
You feel clever.
Okay, then.
You feel sick.
A worm comes into view.
An adder comes into view.
The hound misses you.
* * * LOW HITPOINT WARNING * * *
You feel sick.
You see here an adder corpse.
Okay, then.
Casting: Foxfire (safe; 4% risk of failure)
Confirm with . or Enter, or press ? or * to list all spells.
You conjure some foxfire!
You feel sick. The hound bites you.
You die...

.....## #.....
#.##.# #.##.#
#.##.# #.##.#
###.######.##.##
......v.v......#
###.###@#####..#
###.###h#
#..####.####
#.......#
#...........
wS#.#####
##...###.####
####....##
....†....##.#
#####...###.#
...##...###.#
....#.......#


You could see a hound (ally target).

Vanquished Creatures
  An adder (D:3)
  A dart slug (D:2)
  An endoplasm (D:2)
  A giant cockroach (D:3)
  A goblin (D:2)
  2 hobgoblins
  2 kobolds
  3 quokkas
  2 bats
  A rat (D:3)
15 creatures vanquished.

Vanquished Creatures (others)
  44 foxfires
44 creatures vanquished.

Grand Total: 59 creatures vanquished

Notes
Turn   | Place    | Note
-------+----------+-------------------------------------------
     0 | D:1      | Zeld the Octopode Fire Elementalist began the quest for the
                  | Orb.
     0 | D:1      | Reached XP level 1. HP: 11/11 MP: 3/3
   545 | D:2      | Reached XP level 2. HP: 8/18 MP: 1/5
  1484 | D:3      | Reached XP level 3. HP: 8/22 MP: 1/6
  1486 | D:3      | Slain by a hound

Illustrated notes

Levels and vault maps discovered:
D:1:      dpeg_arrival_arbitrary_a, layout_rooms
D:2:      layout_basic
D:3:      layout_loops_ring, corexii_item_surrounded_by_moat,
          uniq_crazy_yiuf_cottage

Action                   || total
-------------------------++-------
Melee: Unarmed           ||     2
       Constrict         ||     1
 Cast: Foxfire           ||    33
Dodge: Dodged            ||    10

Table legend: (Time is in decaauts)
 A = Elapsed time spent in this place.
 B = Non-inter-level travel time spent in this place.
 C = Inter-level travel time spent in this place.
 D = Time resting spent in this place.
 E = Time spent auto-exploring this place.
 F = Levels seen in this place.
 G = Mean time per level.
                   A        B        C        D        E       F      G
               +--------+--------+--------+--------+--------+-----+--------+
         Total |   1484 |   1432 |     52 |      0 |   1295 |   3 |  494.7 |
       Dungeon |   1484 |   1432 |     52 |      0 |   1295 |   3 |  494.7 |
               +--------+--------+--------+--------+--------+-----+--------+

Top non-repeatable levels by time:
     D:2: 915 daAuts
     D:1: 484 daAuts
     D:3: 85 daAuts
